 Dungeon Crawl Stone Soup version 0.30-a0-1066-g63dfefce0d (webtiles) character file.

Game seed: 5920162401033972420

156 Zeldest the Vexing (level 5, -2/25 HPs)
             Began as a Spriggan Hexslinger on Apr 13, 2023.
             Was a Follower of Wu Jian.
             Succumbed to a scorpion's poison
             ... on level 4 of the Dungeon.
             The game lasted 00:04:43 (2551 turns).

Zeldest the Vexing (Spriggan Hexslinger)            Turns: 2551, Time: 00:04:44

Health: -2/25      AC:  2    Str:  6    XL:     5   Next: 14%
Magic:  8/8        EV: 18    Int: 17    God:    Wu Jian [*.....]
Gold:   182        SH:  0    Dex: 15    Spells: 3/6 levels left

rFire   . . .      SeeInvis +    a - +1 sling
rCold   . . .      Faith    .    (no shield)
rNeg    . . .      Spirit   .    c - +0 robe
rPois   .          Reflect  .    (helmet restricted)
rElec   .          Rampage  .    (no cloak)
rCorr   .                        (gloves unavailable)
Will    .....                    (boots unavailable)
Stlth   +                        l - amulet of magic regeneration
HPRegen 0.24/turn                (no ring)
MPRegen 0.51/turn                (no ring)

@: mighty, lethally poisoned (-2 -> -15), attractive, flying, very quick
A: very small, no large weapons, unfitting armour, see invisible, speed 3
a: Renounce Religion


You were on level 4 of the Dungeon.
You worshipped Wu Jian.
Wu Jian was aware of your devotion.
You visited 1 branch of the dungeon, and saw 4 of its levels.

You collected 182 gold pieces.

Inventory:

Hand Weapons
 a - a +1 sling (weapon)
Missiles
 r - 6 poisoned darts
Armour
 c - a +0 robe (worn)
Jewellery
 l - an amulet of magic regeneration (around neck)
 n - a ring of ice
 t - a ring of flight
Scrolls
 b - 3 scrolls of poison
 d - a scroll of magic mapping {unknown}
 e - a scroll of teleportation {unknown}
 f - 3 scrolls of identify {unknown}
 j - a scroll of fog {unknown}
 k - a scroll of blinking {unknown}
 p - a scroll of amnesia {unknown}
 q - a scroll of enchant weapon {unknown}
 s - 2 scrolls of torment {unknown}
 u - a scroll of acquirement {unknown}
Potions
 g - 3 potions of attraction
 h - a potion of might
 i - a potion of curing {unknown}
 m - a potion of flight
 o - a potion of heal wounds {unknown}


   Skills:
 - Level 0.7 Fighting
 + Level 3.8 Ranged Weapons
 - Level 3.5 Dodging
 - Level 1.3 Spellcasting
 - Level 4.2 Hexes
 + Level 2.0 Summonings


You had 3 spell levels left.
You knew the following spells:

 Your Spells              Type           Power      Damage    Failure   Level
a - Call Imp              Summ           16%        N/A       14%         2
b - Slow                  Hex            60%        N/A       3%          1

Your spell library contained the following spells:

 Spells                   Type           Power      Damage    Failure   Level
 Magic Dart               Conj           4%         1d3       21%         1
 Inner Flame              Hex/Fire       8%         N/A       26%         3
 Portal Projectile        Hex/Tloc       16%        N/A       26%         3
 Mephitic Cloud           Conj/Pois/Air  1%         N/A       52%         3
 Ozocubu's Armour         Ice            1%         N/A       52%         3
 Cause Fear               Hex            7%         N/A       34%         4
 Metabolic Englaciation   Hex/Ice        4%         N/A       94%         5
 Simulacrum               Ice/Necr       0%         N/A       100%        6


Dungeon Overview and Level Annotations

Branches:
Dungeon (4/15) Zot: 22248
 Temple: D:4-7

Altars:
Wu Jian
The Shining One


Innate Abilities, Weirdness & Mutations

You are very small and have problems with some larger weapons.
You are too small for most types of armour.
You have supernaturally acute eyesight. (SInv)
You cover ground extremely quickly. (Speed+++)


Message History

The giant cockroach is severely wounded.
A scorpion comes into view.
You shoot a sling bullet. The sling bullet hits the scorpion.
The scorpion is lightly wounded.
You shoot a sling bullet. The sling bullet hits the scorpion.
The scorpion is moderately wounded.
You shoot a sling bullet.
The sling bullet hits the scorpion but does no damage.
The scorpion is moderately wounded.
The scorpion stings you.
You are poisoned.
The scorpion poisons you!
Casting: Call Imp (safe; 14% risk of failure)
Confirm with . or Enter, or press ? or * to list all spells.
A tiny devil pulls itself out of the air.
You feel very sick. The scorpion stings you.
You are lethally poisoned!
The scorpion poisons you! The giant cockroach misses you.
The scorpion misses you.
You feel very sick.
It was a potion of attraction.
You feel attractive to monsters.
* * * LOW HITPOINT WARNING * * *
You feel very sick.
The giant cockroach bites you but does no damage.
Your cerulean imp hits the scorpion with a -3 spear.
The scorpion misses your cerulean imp.
It was a potion of might.
You feel very mighty all of a sudden.
* * * LOW HITPOINT WARNING * * *
You feel very sick. The giant cockroach bites you.
* * * LOW HITPOINT WARNING * * *
Your cerulean imp barely misses the scorpion.
The scorpion stings your cerulean imp. The giant cockroach misses you.
It was a potion of flight.
You feel very buoyant.
You fly up into the air.
You die...

#.# ... #.# ... ## #
#####.# ..[ .. ..
......# #+# #+#.. .#..#
##..### #.# #.#.#
...... .....## #.#
#.#.##.....#
.#.#..####.# #.#......#
...##....#.###.#Bs5...#
...#####.......#@.....#
..#..............†....#
###.######.###........#
.#................##
##.####.######..#.# #.#
#.#######.#.# #####.#
#.......#.#.# ...##.#
#....)..#>. ##.##.#
#.......# #.


You could see a scorpion (distracted, ally target), a giant cockroach and a
friendly cerulean imp (summoned).

Vanquished Creatures
  A hound (D:4)
  Jessica (D:2)
  Terence (D:2)
  A worm (D:3)
  A dart slug (D:1)
  2 orcs (D:3)
  5 endoplasms
  2 giant cockroaches
  6 goblins
  4 hobgoblins
  3 jackals (D:1)
  6 quokkas
  4 ball pythons
  6 bats
  A frilled lizard (D:3)
  4 kobolds
  6 rats (D:1)
54 creatures vanquished.

Vanquished Creatures (collateral kills)
  An adder (D:4)
1 creature vanquished.

Vanquished Creatures (others)
  5 fungi (D:1)
  2 plants (D:1)
7 creatures vanquished.

Grand Total: 62 creatures vanquished

Notes
Turn   | Place    | Note
-------+----------+-------------------------------------------
     0 | D:1      | Zeldest the Spriggan Hexslinger began the quest for the
                  | Orb.
     0 | D:1      | Reached XP level 1. HP: 9/9 MP: 3/3
   138 | D:1      | Reached XP level 2. HP: 14/14 MP: 5/5
   163 | D:1      | Reached skill level 4 in Hexes
   547 | D:1      | Reached XP level 3. HP: 17/17 MP: 6/6
   556 | D:1      | Found a faded altar of an unknown god.
   594 | D:1      | Prayed at the altar of an unknown god.
   594 | D:1      | Became a worshipper of the Wu Jian Council
   594 | D:1      | Reached * piety under Wu Jian
   979 | D:2      | Learned a level 2 spell: Call Imp
  1007 | D:2      | Found a glowing golden altar of the Shining One.
  1038 | D:2      | Noticed Terence
  1076 | D:2      | Killed Terence
  1161 | D:2      | Reached skill level 1 in Summonings
  1208 | D:2      | Noticed Jessica
  1212 | D:2      | Reached XP level 4. HP: 21/21 MP: 7/7
  1216 | D:2      | Killed Jessica
  2461 | D:4      | Reached XP level 5. HP: 25/25 MP: 8/8
  2550 | D:4      | HP: 1/25 [giant cockroach (2)]
  2551 | D:4      | Succumbed to a scorpion's poison

Illustrated notes

Levels and vault maps discovered:
D:1:      evilmike_arrival_home_sweet_home, layout_basic,
          shapermc_ecumenical_altar_gd, minmay_unequal
D:2:      layout_rooms, basic_altar, uniq_terence, uniq_jessica
D:3:      layout_basic, corner_web_ring
D:4:      layout_basic, serial_bayou_pond_c

Skill      XL: |  1  2  3  4  5 |
---------------+----------------+-----
Dodging        | 3 |  3.5
Hexes          | 4 |  4.2
Ranged Weapons | 3 |  3.8
Summonings     | 1 2 |  2.0
Fighting       | |  0.7
Spellcasting   | |  1.3

Action                     |  1- 3 |  4- 6 || total
---------------------------+-------+-------++-------
   Fire: Sling             |   124 |    74 ||   198
   Cast: Slow              |     3 |     2 ||     5
         Call Imp          |       |     2 ||     2
    Use: Potion            |       |     3 ||     3
 Armour: Robe              |    12 |     4 ||    16
  Dodge: Dodged            |    57 |    26 ||    83

Table legend: (Time is in decaauts)
 A = Elapsed time spent in this place.
 B = Non-inter-level travel time spent in this place.
 C = Inter-level travel time spent in this place.
 D = Time resting spent in this place.
 E = Time spent auto-exploring this place.
 F = Levels seen in this place.
 G = Mean time per level.
                   A        B        C        D        E       F      G
               +--------+--------+--------+--------+--------+-----+--------+
         Total |   1751 |   1719 |     32 |    109 |   1088 |   4 |  437.8 |
       Dungeon |   1751 |   1719 |     32 |    109 |   1088 |   4 |  437.8 |
               +--------+--------+--------+--------+--------+-----+--------+

Top non-repeatable levels by time:
     D:3: 705 daAuts
     D:1: 647 daAuts
     D:2: 296 daAuts
     D:4: 102 daAuts
